 Dungeon Crawl Stone Soup version 0.31-a0-185-g9dded2c639 (webtiles) character file.

Game seed: 10360287914943353236

43 qw the Shooter (level 3, -13/20 HPs)
             Began as a Deep Elf Hunter on June 22, 2023.
             Mangled by an ogre
             ... wielding a +0 giant club
              (28 damage)
             ... on level 2 of the Dungeon.
             The game lasted 00:00:24 (951 turns).

qw the Shooter (Deep Elf Hunter)                     Turns: 951, Time: 00:00:25

Health: -13/20     AC:  3    Str: 10    XL:     3   Next: 37%
Magic:  5/5        EV: 12    Int: 13    God:
Gold:   36         SH:  5    Dex: 18    Spells: 2/2 levels left

rFire   . . .        Y - +0 shortbow
rCold   . . .        (shield currently unavailable)
rNeg    . . .        c - +0 leather armour
rPois   .            (no helmet)
rElec   .            (no cloak)
rCorr   .            (no gloves)
SInv    .            (no boots)
Will    .....        g - amulet of reflection
Stlth   ++           (no ring)
HPRegen 0.23/turn    (no ring)
MPRegen 0.09/turn

%: reflection
@: no status effects
A: no striking features
a: no special abilities


You were on level 2 of the Dungeon.
You visited 1 branch of the dungeon, and saw 2 of its levels.

You collected 36 gold pieces.


   Skills:
 - Level 1.5 Fighting
 + Level 6.9 Ranged Weapons
 - Level 2.4 Dodging
 - Level 1.2 Stealth


You had 2 spell levels left.
You didn't know any spells.
Your spell library was empty.

Inventory:

Hand Weapons
 Y - a +0 shortbow (weapon)
Armour
 b - a +0 ring mail
 c - a +0 leather armour (worn)
Jewellery
 g - an amulet of reflection (around neck)
Scrolls
 a - a scroll of torment {unknown}
Potions
 d - a potion of magic {unknown}
 i - a potion of curing

Dungeon Overview and Level Annotations

Branches:
Dungeon (2/15)

Altars:


Message History

Found 6 poisoned darts.
Enter note: You shoot an arrow.
The arrow hits the rat but does no damage.
You shoot an arrow. The arrow barely misses the rat.
You shoot an arrow. The arrow hits the rat.
You kill the rat!
A sourceless malevolence fills the Dungeon... and a teleportation trap spontaneously manifests!
You are yanked towards some nearby monsters!
Your surroundings suddenly seem different.
An ogre, a goblin, 2 bats and an adder come into view.
Found 3 stones and 14 gold pieces.
Found an escape hatch in the floor.
The ogre shouts!
The ogre moves out of view.
Enter note:
Enter note: You shoot an arrow.
The arrow barely misses the bat.
The bat closely misses you.
You shoot an arrow. The arrow closely misses the bat.
The arrow completely misses the goblin.
The goblin shouts!
The bat hits you but does no damage.
You shoot an arrow. The arrow closely misses the bat.
The bat closely misses you. The bat barely misses you.
You shoot an arrow. The arrow closely misses the bat.
The adder hisses angrily.
The bat hits you but does no damage. x2
A dart slug comes into view.
You shoot an arrow. The arrow hits the bat!
You kill the bat!
The bat hits you.
You shoot an arrow. The arrow hits the ogre!
The ogre is moderately wounded.
The bat misses you. You block the ogre's attack.
You shoot an arrow. The arrow hits the ogre.
The ogre is moderately wounded.
The bat hits you but does no damage. The goblin hits you with a +0 club.
The ogre hits you with a +0 giant club!!
Ouch! That really hurt!
You die...

...... #.........$....
...... #..............
#. #..w........... ##
.......>........... ###
#.....$......#.....###..
#.............##.#.....#
......g.................
......b@...# .......###.
#.....S.O..# .......#..
#........(..... #.....#
.#.........#### ##...|..
...........# #...###.
...##...##.# #.#.....
... ##..# .#### #.#.....
.. ##.# .. .. #.#.....
....... #.##.......


You could see an ogre, an adder, a dart slug, a goblin and a bat.

Vanquished Creatures
  2 worms (D:2)
  4 bats
  4 endoplasms (D:1)
  A giant cockroach (D:1)
  2 goblins (D:1)
  3 hobgoblins
  A kobold (D:1)
  9 quokkas
  2 ball pythons (D:1)
  A frilled lizard (D:1)
  2 rats
31 creatures vanquished.

Notes
Turn   | Place    | Note
-------+----------+-------------------------------------------
     0 | D:1      | qw the Deep Elf Hunter began the quest for the Orb.
     0 | D:1      | Reached XP level 1. HP: 12/12 MP: 3/3
     0 | D:1      | 0 ||| qw: Version: 0.3-a-9-g12657ce
     0 | D:1      | 0 ||| qw: Game counter: 1795
     0 | D:1      | 0 ||| qw: Always use a shield: true
     0 | D:1      | 0 ||| qw: God list: Okawaru
     0 | D:1      | 0 ||| qw: Allow faded altars: false
     0 | D:1      | 0 ||| qw: Do Orc after D:15 true
     0 | D:1      | 0 ||| qw: Do second Lair branch before Depths: true
     0 | D:1      | 0 ||| qw: Lair rune preference: random
     0 | D:1      | 0 ||| qw: Plans: Normal
     0 | D:1      | 0 ||| PLANNING D:1-11
    54 | D:1      | HP: 1/12 [quokka (4)]
   229 | D:1      | Reached skill level 6 in Ranged Weapons
   229 | D:1      | Reached XP level 2. HP: 16/16 MP: 4/4
   743 | D:1      | 743 ||| UPGRADING to amulet of reflection.
   748 | D:1      | 748 ||| READING scroll labelled VYUSHILANE.
   753 | D:1      | 753 ||| READING scroll labelled ACKOIRIBLO.
   754 | D:1      | 754 ||| READING scroll labelled KOORI XESESEST.
   755 | D:1      | 755 ||| DRINKING 2 viscous clear potions.
   756 | D:1      | 756 ||| DROPPING scroll of butterflies.
   763 | D:2      | 763 ||| STAIRDANCE
   787 | D:2      | Reached XP level 3. HP: 20/20 MP: 5/5
   788 | D:2      | 788 ||| STAIRDANCE
   814 | D:2      | 814 ||| STAIRDANCE
   944 | D:2      | Noticed an ogre
   951 | D:2      | Mangled by an ogre

Levels and vault maps discovered:
D:1:      amcnicky_arrival_flooded_fountain, layout_basic
D:2:      layout_rooms

Skill      XL: |  1 |
---------------+----+-----
Ranged Weapons | 6 |  6.9
Fighting       | |  1.5
Dodging        | |  2.4
Stealth        | |  1.2

Action                     || total
---------------------------++-------
   Fire: Shortbow          ||    92
    Use: Scroll            ||     3
         Potion            ||     1
 Armour: Leather armour    ||     6
  Dodge: Dodged            ||    22
  Block: Other             ||     5

Table legend:
 A = Non-vault XP
 B = Vault XP
 C = Vault XP percentage of total XP
 D = Non-vault monster count
 E = Vault monster count
 F = Vault count percentage of total count
                 A         B        C        D         E       F
            +---------+---------+-------+---------+---------+-------
      Total |      62 |       0 |   0.0 |      31 |       0 |   0.0
            +---------+---------+-------+---------+---------+-------
        D:1 |      44 |       0 |   0.0 |      24 |       0 |   0.0
        D:2 |      18 |       0 |   0.0 |       7 |       0 |   0.0
            +---------+---------+-------+---------+---------+-------
